AoeStats
← beneath mariana

Hideout

503342717Analyzed
4v4 RM · 1mo ago on Aug 31, 2026· 35m 26s· 8 players
Game mode
Random Map
Map size
Large (8 player)
Population
200
Speed
Normal
Resources
Standard
Victory
Conquest
Starting age
Dark Age
Ending age
Imperial Age
RankedLock teamsTeams togetherTeam positionsShared explorationLock speedFull tech treeHidden civsTurbo modeCheats
Victory
Defeat
🇻🇳 Mapuche · Vietnam
1902
+2
🇻🇳 Persians · Vietnam
1633
+8
🇨🇳 Cumans · China
1610
+8
🇨🇳 Burmese · China
1506
+13
🇦🇷 Dravidians · Argentina
1486
-9
🇨🇳 Italians · China
1448
-7
🇬🇧 Chinese · United Kingdom
1423
-6
🇻🇳 Khmer · Vietnam
1373
-5
Eagles_SlGiap
10:29 Feudal Age
14:38 Castle Age
12:30 Horse Collar
12:37 Double-Bit Axe
15:29 Loom
19:19 Bloodlines
20:56 Wheelbarrow
22:13 Husbandry
23:30 Scale Barding Armor
24:34 Forging
24:52 Chain Barding Armor
29:38 Forging
35:24 Imperial Age
33:33 Heavy Plow
35:11 Cavalier
Hash-
9:11 Feudal Age
9:47 Double-Bit Axe
10:01 Horse Collar
12:59 Wheelbarrow
20:33 Castle Age
21:37 Bow Saw
21:44 Hand Cart
22:23 Heavy Plow
23:06 Gold Mining
24:31 Gold Shaft Mining
29:06 Imperial Age
27:05 Scale Barding Armor
27:10 Forging
28:10 Chain Barding Armor
28:04 Bloodlines
29:33 Iron Casting
30:23 Plate Barding Armor
29:14 Cavalier
30:30 Capped Ram
32:04 Siege Ram
33:50 Paladin
枯山水
11:00 Feudal Age
14:38 Castle Age
12:53 Stone Mining
15:41 Gold Mining
16:34 Loom
20:40 Padded Archer Armor
25:22 Wheelbarrow
26:38 Bloodlines
31:16 Husbandry
33:01 Horse Collar
38:24 Imperial Age
saymynameBook
10:48 Feudal Age
11:35 Loom
14:56 Castle Age
13:00 Double-Bit Axe
13:06 Horse Collar
16:02 Bow Saw
23:09 Wheelbarrow
22:41 Heavy Plow
24:05 Gold Mining
25:06 Forging
26:01 Hand Cart
26:00 Stone Mining
30:45 Imperial Age
28:09 Fletching
28:30 Padded Archer Armor
29:05 Bodkin Arrow
29:31 Malon
31:04 Ballistics
32:37 Chemistry
32:13 Leather Archer Armor
31:34 Elite Bolas Rider
32:06 Town Watch
33:23 Butalmapu
33:38 Conscription
35:41 Ring Archer Armor
rizz
0:51 Loom
1:02 Loom
9:14 Feudal Age
17:57 Castle Age
16:20 Horse Collar
17:17 Town Watch
21:26 Fletching
25:24 Bodkin Arrow
27:23 Gold Mining
29:30 Wheelbarrow
32:04 Imperial Age
30:24 Ballistics
30:55 Crossbowman
31:41 Thumb Ring
32:11 Padded Archer Armor
32:33 Double-Bit Axe
beneath mariana
4:27 Loom
9:10 Feudal Age
9:49 Double-Bit Axe
10:29 Horse Collar
15:00 Wheelbarrow
19:38 Castle Age
18:18 Scale Barding Armor
18:26 Forging
18:25 Gold Mining
19:46 Scale Barding Armor
19:54 Bloodlines
19:38 Light Cavalry
21:23 Chain Barding Armor
22:46 Husbandry
23:42 Loom
24:05 Town Watch
24:45 Chain Barding Armor
26:43 Iron Casting
26:45 Hand Cart
27:28 Stone Mining
27:40 Fletching
28:51 Bow Saw
28:42 Heavy Plow
34:08 Imperial Age
32:17 Bodkin Arrow
32:22 Padded Archer Armor
32:44 Ballistics
32:35 Masonry
34:42 Leather Archer Armor
34:28 Cavalier
35:45 Plate Barding Armor
36:10 Blast Furnace
Chim cu đi tắm
9:16 Feudal Age
9:49 Double-Bit Axe
11:36 Horse Collar
15:17 Wheelbarrow
19:08 Castle Age
18:08 Fletching
18:39 Gold Mining
19:13 Crossbowman
20:34 Bow Saw
20:23 Bodkin Arrow
21:02 Heavy Plow
22:04 Loom
22:43 Padded Archer Armor
22:51 Loom
24:14 Ballistics
26:40 Thumb Ring
33:39 Imperial Age
33:03 Leather Archer Armor
This is Kawaii
10:32 Feudal Age
14:10 Castle Age
12:47 Horse Collar
12:54 Double-Bit Axe
16:27 Bow Saw
18:19 Wheelbarrow
19:43 Pikeman
20:34 Gold Mining
21:48 Loom
23:21 Ballistics
Connection lost

Rejoining the realm…

Still unreachable

The connection could not be restored.

Session expired

The server has moved on; the page needs a fresh start.